TOP OF THE 1ST |
Charlotte Knights batting - Pitching for Scranton WB RailRiders : LHP Nick Turner
|
Pitching: LHP Nick Turner
|
|
Batting: RHB Jeremy Hoffert
|
0-0: Called Strike 0-1: Ground out 5-3 (Groundball, 56S, EV 67.5 MPH)
|
Batting: RHB Jon Solano
|
0-0: Foul Ball, location: 2F 0-1: Foul Ball, location: 2F 0-2: Foul Ball, location: 2F 0-2: Ball 1-2: Foul Ball, location: 2F 1-2: Fly out, F7 (Flyball, 78M, EV 72.5 MPH)
|
Batting: SHB Ruben Velasco Jr.
|
0-0: Ball 1-0: Foul Ball, location: 2F 1-1: Ball 2-1: Ball 3-1: Base on Balls
|
Batting: RHB Micah Brown
|
0-0: Ball 1-0: Foul Ball, location: 2F 1-1: Called Strike 1-2: Ball 2-2: Ball 3-2: Ground out 4-3 (Groundball, 4, EV 87.5 MPH)
|
Top of the 1st over - 0 runs, 0 hits, 0 errors, 1 left on base; Charlotte 0 - Scranton WB 0 |
BOTTOM OF THE 1ST |
Scranton WB RailRiders batting - Pitching for Charlotte Knights : RHP Brett Kitchen
|
Pitching: RHP Brett Kitchen
|
|
Batting: SHB Jay Gagnon
|
0-0: Ball 1-0: Called Strike 1-1: Ball 2-1: SINGLE (Groundball, 25, EV 66.2 MPH) (infield hit)
|
Batting: RHB Devon Utley
|
0-0: Called Strike Jay Gagnon steals 2nd base 0-1: Ball 1-1: Foul Ball, location: 2F 1-2: Ground out 2-3 (Groundball, 15S, EV 72.5 MPH) Jay Gagnon to third
|
Batting: SHB Victor Ruiz
|
0-0: Foul Ball, location: 2F 0-1: Ball 1-1: Ball 2-1: Swinging Strike 2-2: Ball 3-2: Foul Ball, location: 2F 3-2: Foul Ball, location: 2F 3-2: Fly out, F7 (Flyball, 7S, EV 91.2 MPH)
|
Batting: LHB Aaron Joyner
|
0-0: Ball 1-0: Swinging Strike 1-1: Ball 2-1: Foul Ball, location: 2F 2-2: Foul Ball, location: 2F 2-2: Ball 3-2: Base on Balls
|
Batting: RHB Mike Gifford
|
0-0: Ball 1-0: Ball 2-0: Foul Ball, location: 2F 2-1: Swinging Strike 2-2: Ball 3-2: Ground out 5-3 (Groundball, 5, EV 82.5 MPH)
|
Bottom of the 1st over - 0 runs, 1 hit, 0 errors, 2 left on base; Charlotte 0 - Scranton WB 0 |
TOP OF THE 2ND |
Charlotte Knights batting - Pitching for Scranton WB RailRiders : LHP Nick Turner
|
Batting: RHB Mark Jones
|
0-0: Fly out, F3 (Line Drive, 3, EV 68.8 MPH)
|
Batting: RHB Kikuo Sato
|
0-0: Ball 1-0: SINGLE (Groundball, 6MD, EV 110.6 MPH)
|
Batting: LHB Ricardo Pagan
|
0-0: Ball 1-0: Foul Ball, location: 2F 1-1: Ball 2-1: Called Strike 2-2: Grounds into double play, 6-4-3 (Groundball, 6, EV 101.9 MPH)
|
Top of the 2nd over - 0 runs, 1 hit, 0 errors, 0 left on base; Charlotte 0 - Scranton WB 0 |
BOTTOM OF THE 2ND |
Scranton WB RailRiders batting - Pitching for Charlotte Knights : RHP Brett Kitchen
|
Batting: SHB Joe Fure
|
0-0: Ball 1-0: SINGLE (Groundball, 3D, EV 101.2 MPH)
|
Batting: RHB Josh Zoglmann
|
0-0: Ball 1-0: Swinging Strike 1-1: Fielders Choice at 2nd, 5-4 (Groundball, 56, EV 85.6 MPH)
|
Batting: RHB Eric Davis
|
0-0: Called Strike 0-1: Ball Josh Zoglmann steals 2nd base 1-1: Ball 2-1: Foul Ball, location: 2F 2-2: Ball 3-2: SINGLE (Groundball, P, EV 88.8 MPH) (infield hit) Josh Zoglmann to third
|
Batting: RHB Alfredo Rodriguez
|
0-0: Called Strike 0-1: Called Strike 0-2: Foul Ball, location: 2F 0-2: Foul Ball, location: 2F 0-2: Strikes out looking
|
Batting: SHB Jay Gagnon
|
0-0: Called Strike 0-1: Ball 1-1: Ball Wild Pitch! Josh Zoglmann scores Eric Davis to second 2-1: DOUBLE (Groundball, 3L, EV 101.9 MPH) Eric Davis scores
|
Batting: RHB Devon Utley
|
0-0: Ball 1-0: Ball 2-0: Called Strike 2-1: SINGLE (Groundball, 6S, EV 73.1 MPH) (infield hit) Jay Gagnon to third
|
Batting: SHB Victor Ruiz
|
0-0: Ball 1-0: Ball 2-0: Ground out 4-3 (Groundball, 34, EV 111.2 MPH)
|
Bottom of the 2nd over - 2 runs, 4 hits, 0 errors, 2 left on base; Charlotte 0 - Scranton WB 2 |
TOP OF THE 3RD |
Charlotte Knights batting - Pitching for Scranton WB RailRiders : LHP Nick Turner
|
Batting: SHB Jose Castillo
|
0-0: Called Strike 0-1: Ball 1-1: Foul Ball, location: 2F 1-2: Foul Ball, location: 2F 1-2: Ball 2-2: Strikes out swinging
|
Batting: RHB John Iddings
|
0-0: Fly out, F8 (Line Drive, 8RM, EV 95.0 MPH)
|
Batting: RHB Jeremy Hoffert
|
0-0: Ball 1-0: DOUBLE (Line Drive, 7LD, EV 105.0 MPH)
|
Batting: RHB Jon Solano
|
0-0: Called Strike 0-1: Ball 1-1: Ball 2-1: Swinging Strike 2-2: Foul Ball, location: 2F 2-2: Ball 3-2: Fly out, F4 (Popup, 3S, EV 85.0 MPH)
|
Top of the 3rd over - 0 runs, 1 hit, 0 errors, 1 left on base; Charlotte 0 - Scranton WB 2 |
BOTTOM OF THE 3RD |
Scranton WB RailRiders batting - Pitching for Charlotte Knights : RHP Brett Kitchen
|
Batting: LHB Aaron Joyner
|
0-0: Ball 1-0: Called Strike 1-1: Foul Ball, location: 2F 1-2: SINGLE (Groundball, P, EV 92.5 MPH) (infield hit)
|
Batting: RHB Mike Gifford
|
0-0: Ball 1-0: Called Strike 1-1: Ball 2-1: Called Strike 2-2: Ball 3-2: Foul Ball, location: 2F 3-2: Strikes out looking
|
Batting: SHB Joe Fure
|
0-0: Ball 1-0: Foul Ball, location: 2F 1-1: Ball 2-1: Ball 3-1: Called Strike 3-2: Base on Balls Aaron Joyner to second
|
Batting: RHB Josh Zoglmann
|
0-0: Grounds into double play, 6-4-3 (Groundball, 6, EV 80.0 MPH)
|
Bottom of the 3rd over - 0 runs, 1 hit, 0 errors, 1 left on base; Charlotte 0 - Scranton WB 2 |
TOP OF THE 4TH |
Charlotte Knights batting - Pitching for Scranton WB RailRiders : LHP Nick Turner
|
Batting: SHB Ruben Velasco Jr.
|
0-0: Fly out, F8 (Flyball, 89M, EV 93.1 MPH)
|
Batting: RHB Micah Brown
|
0-0: Ball 1-0: Ball 2-0: Swinging Strike 2-1: Foul Ball, location: 2F 2-2: Ball 3-2: Strikes out looking
|
Batting: RHB Mark Jones
|
0-0: Called Strike 0-1: Swinging Strike 0-2: Strikes out swinging
|
Top of the 4th over - 0 runs, 0 hits, 0 errors, 0 left on base; Charlotte 0 - Scranton WB 2 |
BOTTOM OF THE 4TH |
Scranton WB RailRiders batting - Pitching for Charlotte Knights : RHP Brett Kitchen
|
Batting: RHB Eric Davis
|
0-0: Ball 1-0: Ball 2-0: Ball 3-0: Called Strike 3-1: DOUBLE (Flyball, 8LXD, EV 107.5 MPH)
|
Batting: RHB Alfredo Rodriguez
|
0-0: Called Strike 0-1: Swinging Strike 0-2: Ball 1-2: Ball 2-2: Strikes out swinging
|
Batting: SHB Jay Gagnon
|
0-0: Ball 1-0: Ball 2-0: Called Strike 2-1: Foul Ball, location: 2F 2-2: Foul Ball, location: 2F 2-2: Ground out U3 (Groundball, 34, EV 109.4 MPH) Eric Davis to third
|
Batting: RHB Devon Utley
|
0-0: Ground out 5-3 (Groundball, 56, EV 104.4 MPH)
|
Bottom of the 4th over - 0 runs, 1 hit, 0 errors, 1 left on base; Charlotte 0 - Scranton WB 2 |
TOP OF THE 5TH |
Charlotte Knights batting - Pitching for Scranton WB RailRiders : LHP Nick Turner
|
Batting: RHB Kikuo Sato
|
0-0: Fly out, F8 (Flyball, 8RD, EV 88.8 MPH)
|
Batting: LHB Ricardo Pagan
|
0-0: Called Strike 0-1: Foul Ball, location: 2F 0-2: Strikes out swinging
|
Batting: SHB Jose Castillo
|
0-0: Swinging Strike 0-1: Ball 1-1: Foul Ball, location: 2F 1-2: Foul Ball, location: 2F 1-2: Ground out 6-3 (Groundball, 6, EV 105.0 MPH)
|
Top of the 5th over - 0 runs, 0 hits, 0 errors, 0 left on base; Charlotte 0 - Scranton WB 2 |
BOTTOM OF THE 5TH |
Scranton WB RailRiders batting - Pitching for Charlotte Knights : RHP Brett Kitchen
|
Batting: SHB Victor Ruiz
|
0-0: Ball 1-0: Ball 2-0: Ball 3-0: Called Strike 3-1: SINGLE (Line Drive, 7S, EV 104.4 MPH)
|
Pitching: LHP Juan Fuentes
|
|
Batting: LHB Aaron Joyner
|
0-0: Ball 1-0: Foul Ball, location: 2F 1-1: Foul Ball, location: 2F 1-2: Ball 2-2: Ball 3-2: Foul Ball, location: 2F 3-2: Foul Ball, location: 2F 3-2: DOUBLE (Line Drive, 5D, EV 98.8 MPH) Victor Ruiz to third
|
Batting: RHB Mike Gifford
|
0-0: Intentional Walk
|
Batting: SHB Joe Fure
|
0-0: Grounds into fielders choice 6-2 (Groundball, 6, EV 89.4 MPH) Aaron Joyner to third Mike Gifford to second
|
Batting: RHB Josh Zoglmann
|
0-0: Called Strike 0-1: Ball 1-1: Grounds into fielders choice 6-2 (Groundball, 6, EV 87.5 MPH) Mike Gifford to third Joe Fure to second
|
Batting: RHB Eric Davis
|
0-0: Called Strike 0-1: Foul Ball, location: 2F 0-2: Ball 1-2: Foul Ball, location: 2F 1-2: Ball 2-2: Strikes out swinging
|
Bottom of the 5th over - 0 runs, 2 hits, 0 errors, 3 left on base; Charlotte 0 - Scranton WB 2 |
TOP OF THE 6TH |
Charlotte Knights batting - Pitching for Scranton WB RailRiders : LHP Nick Turner
|
Batting: RHB John Iddings
|
0-0: DOUBLE (Line Drive, 89D, EV 109.4 MPH)
|
Batting: RHB Jeremy Hoffert
|
0-0: Fly out, F7 (Flyball, 7LD, EV 103.1 MPH) Runner from 2nd tags up, SAFE at 3rd, no throw by LF
|
Batting: RHB Jon Solano
|
0-0: Ball 1-0: Swinging Strike 1-1: Ball 2-1: Ball 3-1: Ground out U3 (Groundball, 3, EV 101.2 MPH)
|
Batting: SHB Ruben Velasco Jr.
|
0-0: Foul Ball, location: 2F 0-1: Foul Ball, location: 2F 0-2: Ball 1-2: Ground out 5-3 (Groundball, 56, EV 85.6 MPH)
|
Top of the 6th over - 0 runs, 1 hit, 0 errors, 1 left on base; Charlotte 0 - Scranton WB 2 |
BOTTOM OF THE 6TH |
Scranton WB RailRiders batting - Pitching for Charlotte Knights : LHP Juan Fuentes
|
Batting: RHB Alfredo Rodriguez
|
0-0: Called Strike 0-1: Called Strike 0-2: Ball 1-2: Foul Ball, location: 2F 1-2: Strikes out swinging
|
Batting: SHB Jay Gagnon
|
0-0: SINGLE (Groundball, 6, EV 94.4 MPH)
|
Batting: RHB Devon Utley
|
0-0: Foul Ball, location: 2F 0-1: Foul Ball, location: 2F 0-2: Ball 1-2: Foul Ball, location: 2F 1-2: Ball 2-2: Foul Ball, location: 2F 2-2: Strikes out swinging
|
Batting: SHB Victor Ruiz
|
0-0: Ball 1-0: 2-RUN HOME RUN (Flyball, 78XD, EV 101.2 MPH), Distance : 395 ft
|
Batting: LHB Aaron Joyner
|
0-0: Ball 1-0: Fly out, F8 (Flyball, 8LM, EV 89.4 MPH)
|
Bottom of the 6th over - 2 runs, 2 hits, 0 errors, 0 left on base; Charlotte 0 - Scranton WB 4 |
TOP OF THE 7TH |
Charlotte Knights batting - Pitching for Scranton WB RailRiders : LHP Nick Turner
|
Batting: RHB Micah Brown
|
0-0: Called Strike 0-1: Swinging Strike 0-2: Strikes out swinging
|
Batting: RHB Mark Jones
|
0-0: Fly out, F8 (Flyball, 8RM, EV 86.9 MPH)
|
Batting: RHB Kikuo Sato
|
0-0: Called Strike 0-1: Ball 1-1: Fly out, F8 (Flyball, 8LS, EV 81.2 MPH)
|
Top of the 7th over - 0 runs, 0 hits, 0 errors, 0 left on base; Charlotte 0 - Scranton WB 4 |
BOTTOM OF THE 7TH |
Scranton WB RailRiders batting - Pitching for Charlotte Knights : LHP Juan Fuentes
|
Pitching: RHP Dicky Goedhart
|
|
Batting: RHB Mike Gifford
|
0-0: Called Strike 0-1: Ball 1-1: DOUBLE (Flyball, 8LXD, EV 101.9 MPH)
|
Batting: SHB Joe Fure
|
0-0: Intentional Walk
|
Batting: RHB Josh Zoglmann
|
0-0: Called Strike 0-1: Grounds into double play, 5-4-3 (Groundball, 56, EV 103.8 MPH) Mike Gifford to third
|
Batting: RHB Eric Davis
|
0-0: Ball 1-0: Foul Ball, location: 2F 1-1: Ball 2-1: Ball Wild Pitch! Mike Gifford scores 3-1: Foul Ball, location: 2F 3-2: Foul Ball, location: 2F 3-2: SINGLE (Groundball, 4MD, EV 103.1 MPH)
|
Batting: RHB Alfredo Rodriguez
|
0-0: Swinging Strike 0-1: Ball 1-1: Foul Ball, location: 2F 1-2: Strikes out looking
|
Bottom of the 7th over - 1 run, 2 hits, 0 errors, 1 left on base; Charlotte 0 - Scranton WB 5 |
TOP OF THE 8TH |
Charlotte Knights batting - Pitching for Scranton WB RailRiders : LHP Nick Turner
|
Batting: LHB Ricardo Pagan
|
0-0: Ball 1-0: Ball 2-0: Called Strike 2-1: Ball 3-1: SINGLE (Groundball, 6S, EV 65.6 MPH) (infield hit)
|
Batting: SHB Jose Castillo
|
0-0: Ball 1-0: Fielders Choice at 2nd, 4-6 (Groundball, 4, EV 85.6 MPH)
|
Batting: RHB John Iddings
|
0-0: Ball 1-0: Ball 2-0: Fielders Choice at 2nd, 5-4 (Groundball, 56, EV 108.8 MPH)
|
Batting: RHB Jeremy Hoffert
|
0-0: Ball 1-0: Fly out, F5 (Line Drive, 5, EV 65.6 MPH)
|
Top of the 8th over - 0 runs, 1 hit, 0 errors, 1 left on base; Charlotte 0 - Scranton WB 5 |
BOTTOM OF THE 8TH |
Scranton WB RailRiders batting - Pitching for Charlotte Knights : RHP Dicky Goedhart
|
Batting: SHB Jay Gagnon
|
0-0: Swinging Strike 0-1: Ball 1-1: Ball 2-1: Ball 3-1: Base on Balls
|
Batting: RHB Devon Utley
|
0-0: Called Strike Jay Gagnon steals 2nd base 0-1: Foul Ball, location: 2F 0-2: Ground out 2-3 (Groundball, 15S, EV 72.5 MPH) Jay Gagnon to third
|
Batting: SHB Victor Ruiz
|
0-0: Foul Ball, location: 2F 0-1: SINGLE (Line Drive, 9LS, EV 86.2 MPH) Jay Gagnon scores
|
Batting: LHB Aaron Joyner
|
0-0: Swinging Strike 0-1: Ball 1-1: Called Strike 1-2: Ball 2-2: Ball 3-2: Foul Ball, location: 2F 3-2: Base on Balls Victor Ruiz to second
|
Pitching: LHP Silas Chartier
|
|
Batting: RHB Mike Gifford
|
0-0: Ball 1-0: Ball 2-0: Swinging Strike 2-1: Fly out, F7 (Flyball, 78M, EV 88.8 MPH)
|
Batting: SHB Joe Fure
|
0-0: Called Strike 0-1: Swinging Strike 0-2: Strikes out looking
|
Bottom of the 8th over - 1 run, 1 hit, 0 errors, 2 left on base; Charlotte 0 - Scranton WB 6 |
TOP OF THE 9TH |
Charlotte Knights batting - Pitching for Scranton WB RailRiders : LHP Nick Turner
|
Batting: RHB Jon Solano
|
0-0: Foul Ball, location: 2F 0-1: Fly out, F7 (Flyball, 7, EV 91.2 MPH)
|
Batting: SHB Ruben Velasco Jr.
|
0-0: Ball 1-0: Foul Ball, location: 2F 1-1: Called Strike 1-2: Ball 2-2: Ball 3-2: Strikes out swinging
|
Batting: RHB Micah Brown
|
0-0: Ball 1-0: Swinging Strike 1-1: SINGLE (Line Drive, 8LS, EV 93.1 MPH)
|
Pitching: RHP Joe Kimbrough
|
|
Batting: RHB Mark Jones
|
0-0: Called Strike 0-1: SINGLE (Groundball, 34D, EV 103.8 MPH) Micah Brown to second
|
Batting: RHB Kikuo Sato
|
0-0: Ball 1-0: Ground out U3 (Groundball, 34, EV 103.1 MPH)
|
Top of the 9th over - 0 runs, 2 hits, 0 errors, 2 left on base; Charlotte 0 - Scranton WB 6 |
|